AoeStats
← Chris

Hill Fort

506037089Analyzed
4v4 RM · 20d ago on Sep 12, 2026· 66m 14s· 8 players
Game mode
Random Map
Map size
Large (8 player)
Population
200
Speed
Normal
Resources
Standard
Victory
Conquest
Starting age
Dark Age
Ending age
Imperial Age
RankedLock teamsTeams togetherTeam positionsShared explorationLock speedFull tech treeHidden civsTurbo modeCheats
Victory
Defeat
🇲🇽 Huns · Mexico
1454
+13
🇭🇰 Turks · Hong Kong SAR China
1342
+18
🇺🇸 Spanish · United States
1305
+19
🇹🇼 Mapuche · Taiwan
1266
+21
🇨🇦 Spanish · Canada
1451
-20
🇦🇷 Mongols · Argentina
1382
-18
🇦🇷 Persians · Argentina
1364
-17
🇺🇸 Berbers · United States
1335
-16
Hamstring Cramp
11:20 Feudal Age
16:10 Castle Age
14:26 Double-Bit Axe
14:38 Horse Collar
15:46 Scale Barding Armor
16:30 Forging
19:09 Husbandry
22:48 Iron Casting
23:16 Loom
24:29 Chain Barding Armor
27:02 Wheelbarrow
26:14 Town Watch
28:05 Bloodlines
32:25 Hand Cart
35:20 Gold Mining
35:44 Bow Saw
38:12 Imperial Age
37:06 Fletching
37:16 Padded Archer Armor
38:14 Cavalier
39:32 Plate Barding Armor
38:47 Cavalier
41:26 Conscription
43:02 Blast Furnace
42:55 Gold Shaft Mining
42:40 Bodkin Arrow
43:56 Kasbah
45:11 Bracer
46:15 Heavy Camel Rider
47:17 Caravan
50:17 Elite Genitour
51:25 Leather Archer Armor
51:53 Ballistics
53:29 Chemistry
52:11 Light Cavalry
53:04 Hussar
54:47 Ring Archer Armor
57:53 Elite Camel Archer
58:37 Maghrebi Camels
63:46 Thumb Ring
old man
8:41 Feudal Age
8:49 Loom
9:23 Double-Bit Axe
11:27 Loom
19:23 Castle Age
17:40 Stone Mining
19:39 Forging
23:05 Wheelbarrow
26:46 Fletching
28:32 Horse Collar
30:05 Gold Mining
32:32 Bloodlines
33:58 Bow Saw
34:29 Husbandry
36:52 Scale Barding Armor
38:32 Light Cavalry
40:34 Forging
41:38 Chain Barding Armor
42:34 Heavy Plow
45:13 Iron Casting
48:39 Imperial Age
47:19 Bodkin Arrow
47:44 Squires
47:05 Pikeman
47:51 Scale Mail Armor
48:28 Hand Cart
49:16 Chain Mail Armor
50:23 Conscription
51:51 Elite Conquistador
52:57 Caravan
54:19 Chemistry
58:57 Blast Furnace
60:29 Hussar
64:34 Inquisition
64:38 Halberdier
felixaleman1010
11:36 Feudal Age
11:36 Loom
15:32 Castle Age
14:13 Double-Bit Axe
14:23 Horse Collar
16:49 Bow Saw
21:24 Fletching
24:18 Bodkin Arrow
25:11 Ballistics
25:15 Padded Archer Armor
27:04 Husbandry
27:15 Bloodlines
35:29 Imperial Age
34:20 Wheelbarrow
33:30 Town Watch
34:42 Leather Archer Armor
35:18 Hand Cart
35:11 Scale Barding Armor
36:02 Elite Mangudai
37:03 Conscription
38:12 Bracer
41:04 Parthian Tactics
40:45 Thumb Ring
41:04 Light Cavalry
42:59 Chemistry
41:32 Light Cavalry
43:16 Chain Barding Armor
43:07 Forging
43:11 Hussar
46:41 Pikeman
47:21 Squires
47:59 Iron Casting
48:33 Scale Mail Armor
48:48 Caravan
48:45 Elite Skirmisher
50:28 Blast Furnace
51:34 Nomads
56:01 Murder Holes
56:18 Masonry
58:37 Chain Mail Armor
Rubio Menemista
9:42 Feudal Age
10:26 Loom
13:19 Castle Age
29:53 Horse Collar
33:41 Fletching
35:58 Bodkin Arrow
38:53 Double-Bit Axe
38:56 Pikeman
40:35 Scale Mail Armor
40:39 Squires
42:04 Forging
43:22 Iron Casting
44:27 Chain Mail Armor
48:28 Wheelbarrow
47:54 Heavy Plow
48:23 Arson
51:33 Imperial Age
49:49 Hand Cart
50:15 Bloodlines
50:11 Scale Barding Armor
51:07 Husbandry
51:29 Chain Barding Armor
51:35 Gold Mining
51:13 Heavy Camel Rider
52:55 Blast Furnace
52:19 Conscription
51:30 Light Cavalry
53:23 Plate Barding Armor
53:49 Blast Furnace
52:54 Halberdier
59:13 Plate Mail Armor
Battle beast
10:47 Feudal Age
15:19 Castle Age
13:14 Double-Bit Axe
16:35 Bow Saw
16:07 Horse Collar
23:23 Wheelbarrow
23:46 Scale Barding Armor
24:31 Husbandry
25:43 Town Watch
26:53 Chain Barding Armor
28:44 Hand Cart
30:53 Fletching
31:49 Bodkin Arrow
31:52 Gold Mining
31:53 Stone Mining
32:03 Loom
33:26 Bloodlines
33:47 Marauders
34:09 Forging
36:41 Iron Casting
37:14 Padded Archer Armor
36:54 Elite Skirmisher
43:15 Imperial Age
41:54 Leather Archer Armor
44:33 Conscription
43:33 Elite Tarkan
44:27 Heavy Plow
45:32 Two-Man Saw
45:55 Plate Barding Armor
46:20 Blast Furnace
44:50 Light Cavalry
46:32 Parthian Tactics
46:12 Thumb Ring
46:40 Bracer
46:46 Caravan
47:17 Coinage
47:10 Guilds
47:31 Hussar
49:16 Heavy Cavalry Archer
56:46 Ballistics
57:26 Chemistry
58:50 Squires
60:51 Careening
60:51 Capped Ram
62:09 Siege Ram
Chris
11:52 Feudal Age
11:20 Loom
15:40 Castle Age
13:47 Horse Collar
14:20 Double-Bit Axe
16:29 Heavy Plow
16:42 Bow Saw
16:37 Padded Archer Armor
25:32 Wheelbarrow
30:29 Imperial Age
29:10 Town Watch
29:17 Gold Mining
32:14 Chemistry
32:09 Light Cavalry
32:50 Husbandry
33:09 Leather Archer Armor
32:59 Scale Barding Armor
33:54 Murder Holes
34:33 Inquisition
34:46 Cavalier
36:43 Hand Cart
38:10 Chain Barding Armor
42:53 Plate Barding Armor
42:28 Forging
45:14 Supremacy
45:15 Conscription
45:07 Hussar
45:58 Bloodlines
46:28 Iron Casting
47:03 Fortified Wall
47:05 Masonry
48:19 Blast Furnace
49:32 Fletching
50:18 Bodkin Arrow
50:53 Ring Archer Armor
50:03 Elite Skirmisher
52:17 Bracer
54:14 Caravan
54:24 Guilds
53:39 Pikeman
54:19 Squires
54:05 Arson
55:30 Scale Mail Armor
57:18 Ballistics
59:57 Capped Ram
63:25 Two-Man Saw
62:27 Siege Ram
63:19 Paladin
Adams1491
8:47 Loom
10:33 Feudal Age
15:34 Castle Age
14:09 Double-Bit Axe
14:09 Horse Collar
16:44 Bow Saw
16:29 Fletching
20:08 Wheelbarrow
22:06 Bodkin Arrow
23:37 Padded Archer Armor
27:42 Hand Cart
28:30 Gold Mining
35:10 Malon
38:18 Leather Archer Armor
41:29 Imperial Age
41:46 Elite Bolas Rider
42:50 Conscription
43:04 Ring Archer Armor
43:17 Coinage
44:37 Town Watch
51:20 Caravan
52:53 Elite Skirmisher
55:30 Heavy Plow
57:12 Butalmapu
57:20 Forging
58:11 Scale Mail Armor
58:24 Pikeman
59:20 Chain Mail Armor
59:40 Iron Casting
59:31 Halberdier
61:14 Plate Mail Armor
63:37 Blast Furnace
cls
11:20 Feudal Age
9:36 Loom
11:47 Double-Bit Axe
11:43 Horse Collar
18:34 Castle Age
16:51 Gold Mining
18:08 Wheelbarrow
17:59 Padded Archer Armor
19:31 Bow Saw
20:26 Heavy Plow
21:01 Stone Mining
21:47 Gold Shaft Mining
23:19 Town Watch
32:01 Imperial Age
29:47 Hand Cart
31:49 Leather Archer Armor
33:10 Conscription
33:47 Ring Archer Armor
36:23 Elite Janissary
39:27 Artillery
40:52 Hoardings
41:53 Forging
41:48 Scale Barding Armor
42:28 Murder Holes
42:14 Treadmill Crane
46:23 Iron Casting
46:08 Chain Barding Armor
47:22 Bloodlines
47:13 Husbandry
49:22 Caravan
56:38 Two-Man Saw
56:42 Blast Furnace
56:17 Plate Barding Armor
55:55 Fortified Wall
56:05 Ballistics
55:55 Masonry
55:19 Sappers
57:32 Coinage
57:13 Guilds
62:13 Fletching
62:23 Scale Mail Armor
Connection lost

Rejoining the realm…

Still unreachable

The connection could not be restored.

Session expired

The server has moved on; the page needs a fresh start.